 Dungeon Crawl Stone Soup version 0.30-a0-709-gcdc1b43e22 (webtiles) character file.

Game seed: 12529773552345422660

6 CrazyBamboolord the Insei (level 1, 0/13 HPs)
             Began as an Octopode Transmuter on Jan 22, 2023.
             Slain by a ball python (1 damage)
             ... on level 1 of the Dungeon.
             The game lasted 00:00:25 (89 turns).

CrazyBamboolord the Insei (Octopode Transmuter)       Turns: 89, Time: 00:00:26

Health: 0/13       AC:  1    Str:  9    XL:     1   Next: 90%
Magic:  3/3        EV: 10    Int: 15    God:
Gold:   15         SH:  0    Dex: 12    Spells: 3/4 levels left

rFire   . . .      SeeInvis .      - Unarmed
rCold   . . .      Faith    .    (no shield)
rNeg    . . .      Spirit   .    (helmet restricted)
rPois   .          Reflect  .    (no amulet)
rElec   .          Harm     .    (no ring)
rCorr   .          Rampage  .    (no ring)
Will    .....                    (no ring)
Stlth   ++                       (no ring)
HPRegen 0.22/turn                (no ring)
MPRegen 0.08/turn                (no ring)
                                 (no ring)
                                 (no ring)

@: constricted
A: almost no armour, amphibious, 8 rings, camouflage 1, gelatinous body 1,
(nimble swimmer 1), tentacles
a: no special abilities


You were on level 1 of the Dungeon.
You visited 1 branch of the dungeon, and saw 1 of its levels.

You collected 15 gold pieces.

Inventory:

Scrolls
 c - a scroll of identify {unknown}
 d - a scroll of enchant weapon {unknown}
Potions
 a - a potion of lignification


   Skills:
 * Level 1.2 Fighting
 * Level 2.0 Dodging
 * Level 3.0 Unarmed Combat
 * Level 2.2 Spellcasting
 * Level 2.1 Transmutations


You had 3 spell levels left.
You knew the following spells:

 Your Spells              Type           Power      Damage    Failure   Level
a - Beastly Appendage     Tmut           16%        N/A       9%          1

Your spell library contained the following spells:

 Spells                   Type           Power      Damage    Failure   Level
 Wereblood                Tmut           8%         N/A       14%         2
 Spider Form              Tmut/Pois      4%         N/A       38%         3
 Ice Form                 Ice/Tmut       4%         N/A       80%         4


Dungeon Overview and Level Annotations

Branches:
Dungeon (1/15)

Altars:


Innate Abilities, Weirdness & Mutations

You cannot wear most types of armour.
You are amphibious.
You can wear up to eight rings at the same time.
Your skin changes colour to match your surroundings (Stealth+).
Your rubbery body absorbs attacks. (AC +1, EV +1)
((You are camouflaged when in or above water. (Stealth+)))
You have tentacles for arms and can constrict up to eight enemies at once.


Message History

The jackal closely misses you.
There is an open door here.
The jackal attacks as you move away! The jackal barely misses you.
You tentacle-slap the jackal. Your grab misses the jackal.
The jackal is lightly wounded.
The jackal barely misses you.
You tentacle-slap the jackal but do no damage.
You grab the jackal.
You pierce the jackal.
The jackal is severely wounded.
You constrict the jackal, but do no damage.
The jackal bites you.
* * * LOW HITPOINT WARNING * * *
It was a potion of might.
You feel very mighty all of a sudden.
You constrict the jackal, but do no damage.
The jackal closely misses you.
The jackal struggles to escape constriction.
It was a potion of cancellation.
Your magical effects are unravelling.
You feel magically purged.
Your tentacle spike disappears.
You feel a little less mighty now.
You constrict the jackal.
The jackal escapes!
You barely miss the jackal. You grab the jackal.
You squeeze the jackal, but do no damage.
The jackal is almost dead.
You constrict the jackal, but do no damage.
The jackal bites you.
* * * LOW HITPOINT WARNING * * *
You barely miss the jackal.
You tentacle-slap the jackal, but do no damage.
The jackal is almost dead.
You constrict the jackal, but do no damage.
The ball python barely misses you. The ball python misses you.
The jackal misses you. The ball python closely misses you.
The ball python grabs you. The ball python constricts you.
* * * LOW HITPOINT WARNING * * *
You tentacle-slap the jackal.
You kill the jackal!
The ball python bites you.
You die...

.⌠...###..### ##########
....## #....####.........
.⌠.## #.##...##.........
..######.####..#.........
###......# ##.#.........
# #.###### #........... #
#.# ##.......... ###'##
#.......... .....#
#.@†....... .....#
###S####### .....# #h...#
.....# #†........ .....#
#.....#### .....# ......#
.....# .......# ..(..#
........# ######
.....#####


You could see a jackal and a ball python.

Vanquished Creatures
  A dart slug (D:1)
  An endoplasm (D:1)
  2 jackals (D:1)
  A rat (D:1)
5 creatures vanquished.

Notes
Turn   | Place    | Note
-------+----------+-------------------------------------------
     0 | D:1      | CrazyBamboolord the Octopode Transmuter began the quest for
                  | the Orb.
     0 | D:1      | Reached XP level 1. HP: 13/13 MP: 3/3
    89 | D:1      | Slain by a ball python

Illustrated notes

Levels and vault maps discovered:
D:1:      ncdulo_halloftheorcs, layout_basic

Action                     || total
---------------------------++-------
  Melee: Unarmed           ||    15
         Constrict         ||     4
         Kick              ||     2
         Tentacles         ||     2
         Punch             ||     1
   Cast: Beastly Appendage ||     2
    Use: Potion            ||     2
   Stab: Sleeping          ||     1
 Armour: Skin              ||     1
  Dodge: Dodged            ||    26

Table legend: (Time is in decaauts)
 A = Elapsed time spent in this place.
 B = Non-inter-level travel time spent in this place.
 C = Inter-level travel time spent in this place.
 D = Time resting spent in this place.
 E = Time spent auto-exploring this place.
 F = Levels seen in this place.
 G = Mean time per level.
                   A        B        C        D        E       F      G
               +--------+--------+--------+--------+--------+-----+--------+
         Total |     88 |     88 |      0 |      0 |     55 |   1 |   88.0 |
       Dungeon |     88 |     88 |      0 |      0 |     55 |   1 |   88.0 |
               +--------+--------+--------+--------+--------+-----+--------+

Top non-repeatable levels by time:
     D:1: 88 daAuts
